 Dungeon Crawl Stone Soup version 0.27.0-1-g7a089689b8 (webtiles) character file.

Game seed: 9672802778451288735

5086 tilp the Carver (level 10, -7/76 HPs)
             Began as a Vampire Hunter on Aug 3, 2021.
             Was a Believer of Uskayaw.
             Mangled by a troll (11 damage)
             ... on level 8 of the Dungeon.
             The game lasted 00:19:08 (8918 turns).

tilp the Carver (Vampire Hunter)                    Turns: 8918, Time: 00:19:10

Health: -7/76      AC: 10    Str: 14    XL:     10   Next: 31%
Magic:  11/14      EV: 13    Int: 14    God:    Uskayaw [**....]
Gold:   135        SH:  0    Dex: 15    Spells: 9/9 levels left

rFire    . . .     SeeInvis +   b - +4 long sword
rCold    + . .     Faith    .   (no shield)
rNeg     + . .     Spirit   .   F - +2 leather armour {rC+}
rPois    .         Reflect  .   e - +1 helmet
rElec    .         Harm     .   (no cloak)
rCorr    +         Rampage  .   j - +0 pair of gloves
Will     +....                  g - +1 pair of boots
Stlth    ++++......             p - amulet of the acrobat
HPRegen  0.42/turn              w - ring of positive energy
MPRegen  0.14/turn              y - ring of resist corrosion

@: healing quickly
A: alive, fangs 3, see invisible, vampiric 2
a: Exsanguinate, Renounce Religion, Stomp, Line Pass


You were on level 8 of the Dungeon.
You worshipped Uskayaw.
Uskayaw was noncommittal.
You visited 1 branch of the dungeon, and saw 9 of its levels.

You collected 481 gold pieces.
You spent 346 gold pieces at shops.

Inventory:

Hand Weapons
 a - a +2 short sword of protection
 b - a +4 long sword (weapon)
 H - a +0 great sword
Missiles
 c - 6 javelins
 d - 2 throwing nets
 h - 2 silver boomerangs
 t - 11 boomerangs
 u - 44 poisoned darts (quivered)
 A - 6 atropa-tipped darts
Armour
 e - a +1 helmet (worn)
 g - a +1 pair of boots (worn)
 j - a +0 pair of gloves (worn)
 F - a +2 leather armour of cold resistance (worn)
 G - the +1 leather armour of Mezcal {rN+ MP+9}
   (You bought it in a shop on level 5 of the Dungeon)

   rN:        It protects you from negative energy.
   MP:        It affects your magic capacity (+9).
Jewellery
 p - an amulet of the acrobat (around neck)
 w - a ring of positive energy (left hand)
 y - a ring of resist corrosion (right hand)
Wands
 m - a wand of polymorph (9)
 C - a wand of acid (2)
 I - a wand of charming (11)
Scrolls
 k - a scroll of teleportation
 n - a scroll of enchant weapon
 o - a scroll of torment
 O - a scroll of vulnerability
Potions
 f - 3 potions of brilliance
 l - 2 potions of curing
 q - a potion of haste
 s - 2 potions of attraction
 v - 2 potions of magic
 z - 2 potions of cancellation
 B - a potion of mutation
 D - a potion of flight {unknown}
 N - a potion of heal wounds


   Skills:
 - Level 6.0 Fighting
 + Level 9.7 Long Blades
 - Level 3.2 Throwing
 - Level 4.0 Dodging
 - Level 8.0 Stealth
 - Level 6.0 Invocations
 - Level 4.0 Evocations


You had 9 spell levels left.
You didn't know any spells.
Your spell library contained the following spells:

 Spells                   Type           Power      Damage    Failure   Level
 Blink                    Tloc           N/A        N/A       50%         2
 Corpse Rot               Necr/Air       N/A        N/A       50%         2
 Poisonous Vapours        Pois/Air       0%         N/A       50%         2
 Slow                     Hex            0%         N/A       50%         2
 Call Canine Familiar     Summ           0%         N/A       73%         3
 Confusing Touch          Hex            0%         N/A       73%         3
 Frozen Ramparts          Ice            0%         1d2       73%         3
 Lesser Beckoning         Tloc           0%         N/A       73%         3
 Portal Projectile        Hex/Tloc       0%         N/A       73%         3
 Vampiric Draining        Necr           0%         2d6       73%         3
 Ice Form                 Ice/Tmut       0%         N/A       98%         4
 Leda's Liquefaction      Hex/Erth       0%         N/A       98%         4
 Summon Ice Beast         Ice/Summ       0%         N/A       98%         4
 Summon Lightning Spire   Summ/Air       0%         N/A       98%         4
 Agony                    Necr           0%         N/A       100%        5
 Freezing Cloud           Conj/Ice/Air   0%         6-21      100%        5
 Manifold Assault         Tloc           0%         N/A       100%        5
 Silence                  Hex/Air        0%         N/A       100%        5


Dungeon Overview and Level Annotations

Branches:
Dungeon (9/15)             Temple (0/1) D:4            Lair (0/6) D:9
    Orc: D:9-12

Altars:
Cheibriados
Hepliaklqana
Qazlal
Ru
Uskayaw
Zin
The Shining One

Shops:
D:4 :   D:5 *   D:8 !

Annotations:
D:9 exclusion: boulder beetle


Innate Abilities, Weirdness & Mutations

Your natural rate of healing is accelerated.
You have razor-sharp teeth.
You have supernaturally acute eyesight. (SInv)
You are afflicted with vampirism and can become a bat while bloodless.


Message History

The troll is heavily wounded.
The troll closely misses you.
You riposte.
You closely miss the troll.
The troll is heavily wounded.
The troll claws you. The troll barely misses you.
You hit the troll. Your bite misses the troll.
The troll is heavily wounded.
The troll bites you! The troll barely misses you. x2
You can now pass through a line of other dancers.
You barely miss the troll.
The troll is heavily wounded.
The troll bites you. The troll claws you. x2
You slash the troll!
The troll is severely wounded.
The troll closely misses you.
You riposte.
You hit the troll.
The troll is severely wounded.
The troll claws you but does no damage. The troll claws you!
* * * LOW HITPOINT WARNING * * *
You closely miss the troll.
The troll is severely wounded.
The troll bites you.
* * * LOW HITPOINT WARNING * * *
The troll misses you. x2
You hit the troll.
The troll is severely wounded.
The troll closely misses you. The troll claws you but does no damage.
The troll claws you.
* * * LOW HITPOINT WARNING * * *
You hit the troll. You bite the troll, but do no damage.
The troll is almost dead.
The troll closely misses you.
You riposte.
You barely miss the troll.
The troll is severely wounded.
The troll claws you but does no damage. The troll misses you.
You hit the troll. You bite the troll.
The troll is almost dead.
The troll bites you.
* * * LOW HITPOINT WARNING * * *
The troll claws you!
* * * LOW HITPOINT WARNING * * *
The troll claws you!
You die...

# ############# # #.......^...# #
#...........# # #...........# #
#...........# # #...........#
############...........#
.[...............T.....#
.......#####....@......#
.......### #...........#
.........# #....[......#
.......#.########..##### #######
.......#...........### ###.#...#
.......#..#..........####........
........#.#..........##..##..#...
........#...#........#.###.#..#..
.........#..#.......#####.#.#....


You could see a troll.

Vanquished Creatures
  Pikel (D:4)
  An ugly thing (D:9)
  Joseph (D:8)
  2 hornets
  A wyvern (D:8)
  3 water moccasins
  A hornet zombie (D:7)
  3 sky beasts
  A black bear (D:4)
  An ice beast (D:6)
  2 orc warriors (D:8)
  5 ogres
  A lemure (D:4)
  3 kobold brigands
  A bullfrog (D:7)
  4 scorpions
  A wyvern skeleton (D:6)
  A water moccasin zombie (D:6)
  A killer bee (D:8)
  2 howler monkeys
  5 wights (D:8)
  2 centaur zombies
  A bullfrog skeleton (D:7)
  A jelly (D:5)
  5 orc priests
  2 gnoll shamans (D:8)
  A centaur skeleton (D:6)
  2 hounds
  6 orc wizards
  5 iguanas
  A hound zombie (D:5)
  A hound skeleton (D:4)
  6 gnolls
  4 adders
  A white imp (D:8)
  An adder skeleton (D:4)
  A worm (D:2)
  2 dart slugs
  32 orcs
  5 endoplasms
  3 giant cockroaches
  4 goblins
  9 hobgoblins
  2 jackals (D:1)
  25 kobolds
  5 quokkas
  7 ball pythons
  4 bats
  5 frilled lizards
  3 rats
187 creatures vanquished.

Vanquished Creatures (others)
  A plant (D:5)
1 creature vanquished.

Grand Total: 188 creatures vanquished

Notes
Turn   | Place    | Note
-------+----------+-------------------------------------------
     0 | D:1      | tilp the Vampire Hunter began the quest for the Orb.
     0 | D:1      | Reached XP level 1. HP: 16/16 MP: 1/1
    89 | D:1      | Found a faded altar of an unknown god.
   165 | D:1      | Reached XP level 2. HP: 21/22 MP: 2/2
   920 | D:2      | Gained mutation: You are afflicted with vampirism and can
                  | become a bat while bloodless. [Vampire growth]
   920 | D:2      | Reached XP level 3. HP: 27/27 MP: 3/3
  1547 | D:3      | Reached XP level 4. HP: 34/34 MP: 4/4
  1827 | D:3      | Found a hide-covered altar of Uskayaw.
  1942 | D:3      | Noticed an angel
  1976 | D:3      | Became a worshipper of Uskayaw the Reveller
  2080 | D:4      | Reached * piety under Uskayaw
  2187 | D:4      | Reached ** piety under Uskayaw
  2196 | D:4      | Reached skill level 5 in Stealth
  2196 | D:4      | Reached XP level 5. HP: 33/41 MP: 5/5
  2261 | D:4      | Found Cejurav's Book Boutique.
  2464 | D:4      | Reached *** piety under Uskayaw
  2564 | D:4      | Noticed a black bear
  2606 | D:4      | Killed a black bear
  2607 | D:4      | Reached XP level 6. HP: 48/48 MP: 6/6
  2772 | D:4      | Noticed Pikel
  2816 | D:4      | Killed Pikel
  2817 | D:4      | Reached XP level 7. HP: 54/54 MP: 6/9
  2885 | D:4      | Found a staircase to the Ecumenical Temple.
  2889 | D:4      | Got the Handbook of Cloudy Stolen Souls
  2988 | D:5      | Entered Level 5 of the Dungeon
  3224 | D:5      | Found Tuew Ciwk's Assorted Antiques.
  3246 | D:4      | Reached XP level 8. HP: 56/60 MP: 9/11
  3281 | D:5      | Bought a scroll labelled RAHOSCH HUEZXAIK for 20 gold
                  | pieces
  3281 | D:5      | Bought a pink potion for 18 gold pieces
  3514 | D:5      | Found a snail-covered altar of Cheibriados.
  3563 | D:5      | Reached skill level 5 in Fighting
  4100 | D:6      | Reached skill level 1 in Long Blades
  4135 | D:5      | Reached skill level 2 in Long Blades
  4232 | D:6      | Reached skill level 3 in Long Blades
  4243 | D:6      | Reached skill level 4 in Long Blades
  4287 | D:6      | Reached XP level 9. HP: 59/69 MP: 12/12
  4555 | D:6      | Reached skill level 5 in Long Blades
  5051 | D:7      | Reached skill level 6 in Long Blades
  5652 | D:7      | Found a hazy altar of Hepliaklqana.
  5850 | D:5      | Bought a fine leather armour for 140 gold pieces
  5850 | D:5      | Identified the +1 leather armour of Mezcal {rN+ MP+9} (You
                  | bought it in a shop on level 5 of the Dungeon)
  5850 | D:5      | Bought a scroll of teleportation for 60 gold pieces
  6233 | D:8      | Reached skill level 5 in Invocations
  6406 | D:8      | Reached skill level 7 in Long Blades
  6522 | D:8      | Noticed Joseph
  6543 | D:8      | Killed Joseph
  6779 | D:8      | Found a sacrificial altar of Ru.
  7020 | D:8      | Found a stormy altar of Qazlal.
  7191 | D:8      | Paralysed by a hornet for 3 turns
  7203 | D:8      | Found Agerroc's Distillery.
  7204 | D:8      | HP: 1/69 [orc warrior (15)]
  7213 | D:7      | Reached skill level 8 in Long Blades
  7213 | D:7      | Reached XP level 10. HP: 16/76 MP: 14/14
  7746 | D:8      | Bought a potion of degeneration for 12 gold pieces
  7746 | D:8      | Bought a potion of curing for 36 gold pieces
  7746 | D:8      | Bought a potion of heal wounds for 60 gold pieces
  8150 | D:9      | Paralysed by a hornet for 3 turns
  8157 | D:9      | Reached skill level 9 in Long Blades
  8478 | D:9      | Reached **** piety under Uskayaw
  8489 | D:9      | Found a staircase to the Lair.
  8543 | D:9      | Noticed a cyan ugly thing
  8551 | D:9      | Killed a cyan ugly thing
  8580 | D:9      | Noticed a boulder beetle
  8918 | D:8      | Mangled by a troll

Illustrated notes

Levels and vault maps discovered:
D:1:      nicolae_arrival_somewhat_less_tricky_arrival, layout_basic,
          hellmonk_ecumenical_altar_blasted
D:2:      layout_basic
D:3:      layout_basic, zin_angel, tso_metal_star, nicolae_uskayaw_dance_hall
D:4:      layout_loops_ring, minmay_temple_entry_offerings, serial_shops, shop,
          uniq_pikel
D:5:      layout_rooms, nicolae_overflow_hidden_temple, serial_shops,
          nicolae_shop_overgrown_old_shop
D:6:      layout_rooms
D:7:      layout_cave_pools, nicolae_hepliaklqana_hippocampus
D:8:      layout_basic, mainiacjoe_overflow_paths, grunt_qazlal_clouds,
          serial_shops, shop, hangedman_decor_peaks_small,
          minmay_increasing_density, uniq_joseph
D:9:      layout_basic, lair_entry_dummy

Skill      XL: |  1  2  3  4  5  6  7  8  9 10 |
---------------+-------------------------------+-----
Stealth        | 3 4 5 6 8 |  8.0
Fighting       | 2 3 4 6 |  6.0
Dodging        | 3 4 |  4.0
Invocations    | 3 4 6 |  6.0
Evocations     | 3 4 |  4.0
Long Blades    | 4 8 9 |  9.7
Throwing       | |  3.2

Action                   |  1- 3 |  4- 6 |  7- 9 | 10-12 || total
-------------------------+-------+-------+-------+-------++-------
Melee: Short sword       |   130 |   202 |   383 |       ||   715
       Bite              |     9 |    21 |    67 |    14 ||   111
       Long sword        |       |       |    87 |    81 ||   168
Throw: Javelin           |     4 |     2 |     2 |       ||     8
       Dart              |       |     6 |    34 |     8 ||    48
       Boomerang         |       |       |    10 |     8 ||    18
Invok: Stomp             |       |     1 |     9 |     3 ||    13
       Line Pass         |       |       |     3 |     1 ||     4
Evoke: Wand              |       |       |     8 |     3 ||    11
  Use: Scroll            |     5 |     1 |    12 |     3 ||    21
       Potion            |       |     1 |     4 |       ||     5
 Stab: Sleeping          |     7 |     2 |     5 |     2 ||    16
       Distracted        |     1 |     1 |     1 |       ||     3
       Paralysed         |       |     1 |     7 |    13 ||    21
       Confused          |       |       |     2 |     1 ||     3
Armor: Leather armour    |    26 |       |    43 |    28 ||    97
       Ring mail         |    33 |    80 |   154 |       ||   267
       Skin              |       |    19 |       |       ||    19
Dodge: Dodged            |    74 |   109 |   314 |    55 ||   552
       Rpst.: Long sword |       |       |    13 |    17 ||    30
